AoeStats
← Vaquero40

Arena

510408841Analyzed
1v1 RM · 22h ago on Sep 30, 2026· 59m 22s· 2 players
Game mode
Random Map
Map size
Tiny (2 player)
Population
200
Speed
Normal
Resources
Standard
Victory
Conquest
Starting age
Dark Age
Ending age
Imperial Age
RankedLock teamsTeams togetherTeam positionsShared explorationLock speedFull tech treeHidden civsTurbo modeCheats
Victory
Defeat
🇲🇽 Maya · Mexico
470
+16
🇬🇧 Khmer · United Kingdom
473
-16
Vaquero40
0:37 Loom
14:15 Feudal Age
18:05 Castle Age
17:11 Double-Bit Axe
18:21 Scale Mail Armor
20:19 Town Watch
21:12 Wheelbarrow
21:57 Chain Mail Armor
21:54 Forging
24:26 Fervor
29:04 Sanctity
32:15 Imperial Age
30:23 Horse Collar
33:21 Padded Archer Armor
33:12 Fletching
33:27 Murder Holes
33:44 Fortified Wall
36:37 Gold Mining
36:38 Stone Mining
38:19 Guilds
39:13 Town Patrol
39:30 Hand Cart
39:14 Bodkin Arrow
40:56 Leather Archer Armor
40:41 Bracer
40:22 Pikeman
42:15 Squires
43:46 Iron Casting
44:31 Block Printing
45:56 Holcans
47:05 Conscription
47:49 Plate Mail Armor
48:17 Eagle Warrior
53:44 Elite Eagle Warrior
53:46 Halberdier
54:20 Elite Plumed Archer
56:24 Blast Furnace
55:48 Ballistics
56:33 Stone Shaft Mining
60:22 Hoardings
InvitingGecko35
9:23 Feudal Age
11:11 Loom
11:43 Man-at-Arms
16:47 Double-Bit Axe
18:05 Scale Mail Armor
22:08 Castle Age
21:30 Arson
21:57 Bloodlines
21:49 Gold Mining
21:54 Stone Mining
25:15 Husbandry
25:57 Stone Shaft Mining
26:01 Gold Shaft Mining
26:17 Bow Saw
26:12 Long Swordsman
27:06 Forging
30:27 Wheelbarrow
32:29 Tusk Swords
32:21 Horse Collar
33:05 Hand Cart
36:18 Imperial Age
35:17 Town Watch
38:23 Cavalier
39:31 Scale Barding Armor
39:43 Chain Mail Armor
40:06 Iron Casting
40:42 Elite Battle Elephant
40:59 Two-Handed Swordsman
44:10 Blast Furnace
47:03 Heavy Scorpion
49:47 Double Crossbow
50:16 Light Cavalry
53:13 Chain Barding Armor
Connection lost

Rejoining the realm…

Still unreachable

The connection could not be restored.

Session expired

The server has moved on; the page needs a fresh start.